 Dungeon Crawl Stone Soup version 0.20.1-1-g8b1a95d (webtiles) character file.

62303 letownia2 the Cleaver (level 14, 0/117 (118) HPs)
             Began as a Deep Dwarf Necromancer on Dec 26, 2017.
             Was an Initiate of Gozag.
             Succumbed to a spiny frog's poison
             ... on level 6 of the Lair of Beasts on Dec 27, 2017.
             The game lasted 02:01:56 (24119 turns).

letownia2 the Cleaver (Deep Dwarf Necromancer)     Turns: 24119, Time: 02:01:57

HP:   0/117 (118)   AC: 18    Str: 19    XL:     14   Next: 63%
MP:   9/37          EV:  8    Int: 17    God:    Gozag
Gold: 1249          SH:  0    Dex: 13    Spells: 17/33 levels left

rFire    . . .     SeeInvis .   p - +2 battleaxe (vamp)
rCold    + . .     Gourm    .   (shield currently unavailable)
rNeg     + . .     Faith    .   e - +1 chain mail {rC+}
rPois    .         Spirit   .   s - +2 helmet
rElec    .         Reflect  .   (no cloak)
rCorr    .         Harm     .   X - +2 pair of gloves {Str+3}
MR       ++...                  (no boots)
Stlth    ..........             S - amulet of magic regeneration
Regen    0.0/turn               q - ring of magical power
MPRegen  0.3/turn               r - ring of wizardry

@: lethally poisoned (0 -> -47), gold aura, non-regenerating
A: damage resistance, heal wounds, negative energy resistance 1, sense
surroundings 2, no regeneration
a: Heal Wounds, Potion Petition, Call Merchant, Bribe Branch, Renounce Religion


You were on level 6 of the Lair of Beasts.
You worshipped Gozag.
Gozag was most pleased with you.
You were near starving.

You visited 4 branches of the dungeon, and saw 24 of its levels.
You also visited: Labyrinth, Sewer and Bailey.

You collected 7630 gold pieces.
You spent 330 gold pieces at shops.
You paid 6051 gold pieces to Gozag.

Inventory:

Hand Weapons
 a - the +1 long sword of the Hall of Blades {flame, rF+ rN+ MP+9}
   (You took it off a gnoll in a bailey)

   It has been specially enchanted to burn those struck by it, causing extra
   injury to most foes and up to half again as much damage against particularly
   susceptible opponents.
   Big, fiery blades are also staple armaments of hydra-hunters.
   It protects you from fire.
   It protects you from negative energy.
   It affects your magic capacity (+9).
 f - the +0 executioner's axe of Superiority {chop, +Rage MR++ Int+2}
   (You bought it in a shop on level 8 of the Dungeon)

   It inflicts extra damage upon your enemies.
   It affects your intelligence (+2).
   It affects your resistance to hostile enchantments.
   It lets you go berserk.
 p - a +2 vampiric battleaxe (weapon)
 x - a +0 blowgun
 D - a +1 longbow of flaming
 M - a +3 executioner's axe of electrocution
Missiles
 A - 5 poisoned tomahawks
 H - 275 arrows
 T - 6 throwing nets (quivered)
 Y - 9 curare-tipped needles
Armour
 d - a +4 plate armour
 e - a +1 chain mail of cold resistance (worn)
 s - a +2 helmet (worn)
 u - a +4 ring mail of fire resistance
 w - a +2 buckler of reflection
 X - a +2 pair of gloves of strength (worn)
Jewellery
 q - a ring of magical power (left hand)
 r - a ring of wizardry (right hand)
 R - an uncursed amulet of guardian spirit
 S - an amulet of magic regeneration (around neck)
 W - an uncursed ring of fire
 Z - an uncursed ring of ice
Wands
 b - a wand of flame (10/48)
 n - a wand of disintegration (14/24)
 y - a wand of confusion (20/48)
 z - a wand of confusion (20/48)
 K - a wand of clouds (3/9)
 Q - a wand of digging (14/24)
Scrolls
 g - 16 scrolls of remove curse
 i - 8 scrolls of identify
 B - 4 scrolls of fog
 I - 7 scrolls of teleportation
 J - a scroll of blinking
 L - 2 scrolls of recharging
 O - a scroll of fear
Potions
 h - 3 potions of magic
 k - 2 potions of agility
 l - 7 potions of flight
 m - 2 potions of lignification
 o - 8 potions of heal wounds {unknown}
 t - 7 potions of curing
 C - a potion of mutation
 F - 2 potions of cancellation
 G - 2 potions of berserk rage
 P - 2 potions of brilliance
 V - 2 potions of haste
Miscellaneous
 j - a sack of spiders
 N - a box of beasts
Comestibles
 c - 5 bread rations
 E - 8 fruits


   Skills:
 - Level 5.9 Fighting
 + Level 14.9 Axes
 - Level 7.7 Armour
 - Level 2.1 Dodging
 - Level 2.4 Stealth
 - Level 3.1 Shields
 - Level 10.0 Spellcasting
 - Level 3.4 Conjurations
 - Level 14.0 Necromancy
 - Level 3.2 Translocations
 - Level 2.1 Fire Magic
 - Level 4.0 Air Magic
 - Level 2.1 Poison Magic
 - Level 6.5 Evocations


You had 17 spell levels left.
You knew the following spells:

 Your Spells              Type           Power        Failure   Level  Hunger
a - Pain                  Necr           ####         1%          1    None
b - Blink                 Tloc           N/A          12%         2    None
c - Conjure Flame         Conj/Fire      ###.....     28%         3    None
e - Mephitic Cloud        Conj/Pois/Air  ###.....     24%         3    None
p - Poisonous Vapours     Pois/Air       ###...       13%         2    None
s - Swiftness             Chrm/Air       ###.....     21%         2    None
v - Vampiric Draining     Necr           ######....   1%          3    None


Dungeon Overview and Level Annotations

Branches:
Dungeon (15/15)            Temple (1/1) D:4            Lair (6/6) D:11
 Spider (0/4) Lair:2          Orc (2/2) D:12            Elf (0/3) Orc:2
 Vaults (0/5) D:13         Depths (0/5) D:15
  Swamp: Lair:2-4    Shoals: Lair:2-4     Slime: Lair:5-6

Altars:
Ashenzari
Cheibriados
Dithmenos
Fedhas
Gozag
Kikubaaqudgha
Makhleb
Nemelex Xobeh
Okawaru
Qazlal
Ru
Sif Muna
Trog
Uskayaw
Vehumet
Xom
Zin
The Shining One
Beogh

Shops:
D:7 *   D:8 (   Orc:1 !   Orc:2 :=[:   Lair:2 ([[(

Portals:
Trove: D:11 (give +2 gold dragon scales)

Annotations:
D:9 exclusion: 2 killer bees


Innate Abilities, Weirdness & Mutations

You are resistant to damage.
You can heal yourself by infusing magical energy.
You resist negative energy. (rN+)
You passively map the area around you.
You do not regenerate.


Message History

Aim: a spiny frog (severely wounded)
The spiny frog is almost dead.
You feel life coursing into your body.
* * * LOW HITPOINT WARNING * * *
You feel very sick. The spiny frog stings you!
* * * LOW HITPOINT WARNING * * *
You are more poisoned.
The spiny frog poisons you! The spiny frog stings you!
* * * LOW HITPOINT WARNING * * *
Unknown command.
Casting: Vampiric Draining
Confirm with . or Enter, or press ? or * to list all spells.
Aiming: Vampiric Draining
Press: ? - help, Shift-Dir - straight line, f/p - spiny frog
Aim: a spiny frog (almost dead)
You kill the spiny frog!
You feel life coursing into your body.
You die...
Your body crumbles into a pile of gold.

####* *#####
##...###....#
#........... #
* * #........P
... * ,*, *,
.#.......#.....
, ,
#.....$@.....(.
,, , , , ,
......$.####..≈
≈ , , ,
.....#### , ,
....,, * ≈ ≈ ≈
, , .P.≈, * ≈ ≈
≈≈ , ,,,,.. ,
**≈ ≈ ,,. ≈ ,
≈≈ ≈ , , ,, ≈,*
≈ ≈≈ , ,, ≈ ≈ ≈


There were no monsters in sight!

Vanquished Creatures
  Gastronok (Lair:2)
  Kirke (D:14)
  Nessos (D:12)
  A minotaur (Lab)
  Fannar (D:12)
  Harold (Orc:1)
  4 centaur warriors
  The ghost of MJtheKandyman the Archer, a journeyman CeHu of Okawaru (D:11)
  A tengu warrior (D:14)
  5 two-headed ogres
  An orc high priest (Orc:2)
  A deep elf knight (Orc:2)
  An iron troll (D:13)
  A skeletal warrior (D:12)
  3 unseen horrors
  An orb spider (Lair:2)
  10 orc knights
  12 ugly things
  4 deep elf magi
  A cyclops (D:13)
  5 manticores
  2 black mambas (Lair:4)
  5 spiny frogs
  9 komodo dragons
  2 freezing wraiths
  A tengu conjurer (D:14)
  A queen bee (D:9)
  6 trolls
  2 hornets
  Prince Ribbit (D:8)
  2 blink frogs (Lair:2)
  2 slime creatures (D:15)
  10 hippogriffs
  A shadow (D:14)
  13 yaks
  3 basilisks
  5 wyverns
  3 humans (D:14)
  4 hogs (D:14)
  5 vampire mosquitoes (D:14)
  7 wargs
  An acid dragon (D:11)
  Edmund (D:4)
  A soldier ant (D:11)
  2 water moccasins
  A hell hound (D:11)
  2 black bears
  4 porcupines (Lair:2)
  7 sky beasts
  52 orc warriors
  2 ice beasts
  A necrophage (D:11)
  A swamp drake (Orc:2)
  4 phantoms
  An eye of draining (D:14)
  3 boggarts
  12 centaurs
  9 ogres
  14 crocodiles
  2 big kobolds
  14 bullfrogs
  9 gnoll sergeants
  3 scorpions
  35 killer bees
  2 howler monkeys (D:11)
  2 vampire bats (D:5)
  9 crimson imps
  2 jellies
  2 bullfrog zombies
  A lava snake (D:11)
  A quasit (D:11)
  A wyvern simulacrum (D:14)
  2 bullfrog skeletons
  16 orc priests
  6 gnoll shamans (Bailey)
  6 hounds
  22 orc wizards
  6 centaur skeletons
  An iron imp (Orc:2)
  Jessica (D:3)
  8 iguanas
  16 worker ants
  A hound skeleton (D:5)
  Robin (D:2)
  21 gnolls
  10 adders
  10 shadow imps
  A white imp (Orc:2)
  3 adder zombies
  3 adder skeletons
  5 worms
  4 dart slugs
  7 leopard geckos
  119 orcs
  3 bat skeletons (D:5)
  4 bat zombies (D:5)
  9 giant cockroaches
  21 goblins
  8 hobgoblins
  23 jackals
  6 quokkas
  A ball python (D:7)
  7 bats
  7 frilled lizards
  16 kobolds
  A quokka skeleton (D:5)
  11 rats
728 creatures vanquished.

Vanquished Creatures (collateral kills)
  2 killer bees (D:9)
2 creatures vanquished.

Vanquished Creatures (others)
  A sky beast (D:12)
  2 boggarts (D:15)
  A bullfrog (D:14)
  2 killer bees
  An orc wizard (Orc:2)
  4 orcs (Orc:2)
  5 fungi (Lair:2)
  2 plants (Lair:2)
18 creatures vanquished.

Grand Total: 748 creatures vanquished

Notes
Turn   | Place    | Note
-------+----------+-------------------------------------------
     0 | D:1      | letownia2 the Deep Dwarf Necromancer began the quest for the Orb.
     0 | D:1      | Reached XP level 1. HP: 15/15 MP: 3/3
   285 | D:2      | Reached XP level 2. HP: 22/22 MP: 1/5
   581 | D:4      | Reached skill level 5 in Necromancy
   619 | D:4      | Noticed Edmund
   742 | D:4      | Killed Edmund
   742 | D:4      | Reached XP level 3. HP: 11/28 MP: 0/6
   742 | D:4      | Reached XP level 4. HP: 14/36 MP: 0/7
   747 | D:4      | Learned a level 3 spell: Vampiric Draining
   765 | D:4      | Found a bloodstained altar of Trog.
   812 | D:4      | Reached XP level 5. HP: 17/42 MP: 4/8
  1018 | D:4      | Found a glowing drain.
  1043 | Sewer    | Entered a sewer
  1172 | Sewer    | Reached skill level 1 in Fighting
  1230 | Sewer    | Found a white marble altar of Elyvilon.
  1402 | D:4      | Reached XP level 6. HP: 39/51 MP: 1/10
  1817 | D:4      | Found a staircase to the Ecumenical Temple.
  1853 | D:5      | Entered Level 5 of the Dungeon
  1899 | D:5      | Noticed an ice beast
  1917 | D:5      | Reached XP level 7. HP: 49/57 MP: 1/12
  2157 | D:5      | Found a shadowy altar of Dithmenos.
  2157 | D:5      | Found a shimmering altar of Xom.
  2488 | D:5      | Found a hide-covered altar of Uskayaw.
  2489 | D:5      | Noticed a dagger
  2489 | D:5      | Noticed a dagger
  2511 | Temple   | Entered the Ecumenical Temple
  2531 | Temple   | Became a worshipper of Gozag Ym Sagoz the Greedy
  2798 | D:5      | Reached skill level 5 in Spellcasting
  3522 | D:3      | Reached XP level 8. HP: 36/64 MP: 14/16
  3882 | D:3      | Found a stormy altar of Qazlal.
  4082 | D:3      | Noticed Jessica
  4087 | D:3      | Killed Jessica
  4257 | D:2      | Found a burning altar of Makhleb.
  4291 | D:2      | Noticed Robin
  4307 | D:2      | Killed Robin
  4483 | D:2      | Found a faded altar of an unknown god.
  5094 | D:5      | Found an ancient bone altar of Kikubaaqudgha.
  5560 | D:6      | Gained mutation: You passively map the area around you. [Deep Dwarf growth]
  5560 | D:6      | Reached XP level 9. HP: 48/70 MP: 5/21
  6863 | D:8      | Found a snail-covered altar of Cheibriados.
  6939 | D:8      | Reached XP level 10. HP: 78/87 MP: 11/23
  6950 | D:8      | Reached skill level 10 in Necromancy
  6959 | D:8      | Found a flagged portal.
  6964 | D:8      | Reached skill level 1 in Armour
  7037 | D:8      | Learned a level 2 spell: Blink
  7041 | D:8      | Learned a level 3 spell: Conjure Flame
  7045 | D:8      | Learned a level 3 spell: Mephitic Cloud
  7118 | D:8      | Found a blossoming altar of Fedhas.
  7133 | D:8      | Found a sacrificial altar of Ru.
  7285 | D:8      | Noticed Prince Ribbit
  7293 | D:8      | Killed Prince Ribbit
  7306 | D:8      | Reached skill level 1 in Translocations
  7398 | Bailey   | Entered a bailey
  7426 | Bailey   | Reached skill level 1 in Poison Magic
  7570 | Bailey   | Reached skill level 1 in Fire Magic
  7710 | Bailey   | Reached skill level 1 in Conjurations
  7913 | Bailey   | Reached skill level 1 in Air Magic
  8121 | Bailey   | Got a steaming long sword {flame}
  8122 | Bailey   | Identified the +1 long sword of the Hall of Blades {flame, rF+ rN+ MP+9} (You took it off a gnoll in a bailey)
  8272 | Bailey   | Reached skill level 1 in Evocations
  9072 | D:8      | Bought a sapphire executioner's axe for 330 gold pieces
  9072 | D:8      | Identified the cursed +0 executioner's axe of Superiority {chop, +Rage MR++ Int+2} (You bought it in a shop on level 8 of the Dungeon)
  9816 | D:9      | Found a radiant altar of Vehumet.
 10118 | D:9      | Found an iron altar of Okawaru.
 10245 | D:9      | Found a shattered altar of Ashenzari.
 10281 | D:10     | Entered Level 10 of the Dungeon
 10401 | D:10     | Reached skill level 1 in Axes
 10401 | D:10     | Reached XP level 11. HP: 60/93 MP: 15/24
 10611 | D:10     | Noticed a red ugly thing
 10618 | D:10     | Killed a red ugly thing
 10799 | D:10     | Paralysed by a hornet for 2 turns
 11148 | D:11     | Noticed a green ugly thing
 11169 | D:11     | Found a labyrinth entrance.
 11219 | D:11     | Killed a green ugly thing
 11351 | Lab      | Entered a labyrinth
 11932 | Lab      | Noticed a minotaur
 11939 | Lab      | Killed a minotaur
 11939 | Lab      | Reached skill level 5 in Evocations
 11973 | Lab      | Identified the Compendium of the Rocks
 11979 | Lab      | Identified Hutz's Catalogue of Changing
 12093 | D:11     | Found a portal to a secret trove of treasure.
 12433 | D:11     | Found a staircase to the Lair.
 12661 | D:11     | Noticed MJtheKandyman's ghost (journeyman CeHu)
 12674 | D:11     | Killed MJtheKandyman's ghost
 12674 | D:11     | Reached skill level 5 in Armour
 12797 | Lair:1   | Entered Level 1 of the Lair of Beasts
 13362 | D:12     | Noticed a two-headed ogre
 13380 | D:12     | Killed a two-headed ogre
 13417 | D:12     | Killed an unseen horror
 13417 | D:12     | Reached XP level 12. HP: 85/99 MP: 12/25
 13446 | D:12     | Noticed Fannar
 13485 | D:12     | Killed Fannar
 13595 | D:12     | You fall through a shaft!
 13765 | D:13     | Learned a level 2 spell: Poisonous Vapours
 14142 | D:12     | Found a staircase to the Orcish Mines.
 14208 | D:12     | Noticed Nessos
 14221 | D:12     | Killed Nessos
 14491 | D:13     | Reached skill level 5 in Fighting
 14712 | D:13     | Noticed a centaur warrior
 14724 | D:13     | Killed a centaur warrior
 14777 | D:13     | Noticed a two-headed ogre
 14801 | D:13     | Killed a two-headed ogre
 14836 | D:13     | Noticed a centaur warrior
 14852 | D:13     | Killed a centaur warrior
 15135 | D:13     | Reached skill level 5 in Axes
 15372 | D:13     | Noticed a two-headed ogre
 15400 | D:13     | Killed a two-headed ogre
 15434 | D:13     | Found a gate to the Vaults.
 15993 | Orc:1    | Entered Level 1 of the Orcish Mines
 16004 | Orc:1    | Reached skill level 1 in Shields
 16015 | Orc:1    | Noticed Harold
 16110 | D:12     | Reached XP level 13. HP: 79/110 MP: 26/26
 16167 | Orc:1    | Killed Harold
 16411 | Orc:1    | Reached skill level 10 in Spellcasting
 16571 | Orc:2    | Entered Level 2 of the Orcish Mines
 16791 | Orc:2    | Found a staircase to the Elven Halls.
 17012 | Orc:1    | Found Lebatovo's Distillery.
 17870 | Orc:2    | Found Mozaruf's Antique Armour Shoppe.
 17870 | Orc:2    | Found Zacias's Book Boutique.
 18291 | Orc:2    | Found a roughly hewn altar of Beogh.
 18531 | Orc:2    | Reached skill level 10 in Axes
 19275 | Orc:2    | Found Ewienio's Book Shoppe.
 19275 | Orc:2    | Found Beniereg's Jewellery Boutique.
 19595 | Orc:1    | Identified a scroll of acquirement
 20254 | D:14     | Found a glowing golden altar of the Shining One.
 20506 | D:14     | Noticed Kirke
 20542 | D:14     | Killed Kirke
 20542 | D:14     | Gained mutation: You resist negative energy. (rN+) [Deep Dwarf growth]
 20542 | D:14     | Reached XP level 14. HP: 117/117 MP: 28/28
 21112 | D:15     | Entered Level 15 of the Dungeon
 21761 | Lair:2   | Noticed Gastronok
 21784 | Lair:2   | Found a hole to the Spider Nest.
 22140 | Lair:2   | Killed Gastronok
 22668 | Lair:5   | Learned a level 2 spell: Swiftness
 22669 | Lair:6   | Entered Level 6 of the Lair of Beasts
 23335 | D:15     | Found a staircase to the Depths.
 24118 | Lair:6   | HP: 2/117 [spiny frog (9)]
 24119 | Lair:6   | Succumbed to a spiny frog's poison

Skill      XL: |  1  2  3  4  5  6  7  8  9 10 11 12 13 14 |
---------------+-------------------------------------------+-----
Spellcasting   | 2 3 5 8 9 10 | 10.0
Necromancy     | 6 7 8 9 10 12 14 | 14.0
Fighting       | 1 4 5 |  5.9
Armour         | 1 6 7 |  7.7
Translocations | 3 |  3.2
Poison Magic   | 2 |  2.1
Fire Magic     | 2 |  2.1
Conjurations   | 3 |  3.4
Air Magic      | 3 4 |  4.0
Evocations     | 2 6 |  6.5
Axes           | 1 3 5 12 14 | 14.9
Shields        | 1 3 |  3.1
Dodging        | |  2.1
Stealth        | |  2.4

Action                   |  1- 3 |  4- 6 |  7- 9 | 10-12 | 13-15 || total
-------------------------+-------+-------+-------+-------+-------++-------
Melee: Dagger            |    19 |       |    93 |   101 |       ||   213
       Dire flail        |       |    68 |   144 |    15 |       ||   227
       Long sword        |       |       |       |   410 |   260 ||   670
       Spear             |       |       |       |    61 |       ||    61
       Battleaxe         |       |       |       |       |   423 ||   423
 Fire: Longbow           |       |       |       |     1 |       ||     1
Throw: Throwing net      |       |       |       |     4 |       ||     4
       Tomahawk          |       |       |       |     2 |       ||     2
 Cast: Pain              |    37 |    15 |   159 |    45 |     5 ||   261
       Vampiric Draining |       |    23 |    94 |   320 |   241 ||   678
       Mephitic Cloud    |       |       |       |    30 |    32 ||    62
       Conjure Flame     |       |       |       |    37 |    57 ||    94
       Poisonous Vapours |       |       |       |    13 |    84 ||    97
       Blink             |       |       |       |     3 |     7 ||    10
Invok: Call Merchant     |       |       |     1 |     3 |     2 ||     6
Evoke: Wand              |       |       |     1 |     7 |    19 ||    27
       Box of beasts     |       |       |       |     1 |       ||     1
       Sack of spiders   |       |       |       |     1 |       ||     1
  Use: Scroll            |       |       |     2 |    22 |     8 ||    32
       Potion            |       |       |     1 |     1 |       ||     2
 Stab: Sleeping          |     1 |       |     1 |     2 |       ||     4
       Confused          |       |       |       |     8 |     9 ||    17
       Held in net/web   |       |       |       |     2 |       ||     2
       Distracted        |       |       |       |     1 |     2 ||     3
  Eat: Chunk             |       |     6 |     4 |       |     2 ||    12
       Meat ration       |       |       |     3 |     4 |     1 ||     8
       Royal jelly       |       |       |     2 |     2 |     1 ||     5
       Bread ration      |       |       |       |     1 |     4 ||     5
       Fruit             |       |       |       |       |     6 ||     6
Armor: Robe              |     6 |       |       |       |       ||     6
       Leather armour    |       |    15 |       |       |       ||    15
       Ring mail         |       |    20 |   229 |   425 |   173 ||   847
       Chain mail        |       |       |       |    40 |   285 ||   325
Dodge: Dodged            |    20 |    60 |   307 |   513 |   384 ||  1284
Block: Buckler           |       |       |       |    15 |   132 ||   147
       Reflection        |       |       |       |       |     6 ||     6
       Rpst.: Long sword |       |       |       |   119 |    51 ||   170
